 Dungeon Crawl Stone Soup version 0.24.0-123-gd5b16e6ec5 (webtiles) character file.

Game seed: 8144704417124906038, levelgen mode: deterministic

328 Delamore the Chopper (level 6, -5/47 HPs)
             Began as a Formicid Fighter on Jan 10, 2020.
             Slain by a killer bee (8 damage)
             ... on level 3 of the Dungeon.
             The game lasted 00:02:21 (2244 turns).

Delamore the Chopper (Formicid Fighter)             Turns: 2244, Time: 00:02:23

Health: -5/47      AC:  9    Str: 20 (22) XL:     6   Next: 80%
Magic:  6/6        EV:  7    Int: 10 (13) God:
Gold:   133        SH:  9    Dex:  7 (10) Spells: 5/5 levels left

rFire    . . .     SeeInvis +   a - +0 war axe
rCold    . . .     Gourm    .   c - +0 shield
rNeg     . . .     Faith    .   b - +0 scale mail
rPois    .         Spirit   .   (helmet unavailable)
rElec    .         Reflect  .   (no cloak)
rCorr    .         Harm     .   o - +0 pair of gloves
MR       .....                  k - +0 pair of boots
Stlth    ..........             (no amulet)
HPRegen  0.15/turn              (no ring)
MPRegen  0.10/turn              (no ring)

@: brilliant, lethally poisoned (-5 -> -25), very slightly contaminated,
invisible
A: permanent stasis, dig shafts and tunnels, four strong arms, antennae 3
a: Dig, Shaft Self


You were on level 3 of the Dungeon.
You were hungry.

You visited 1 branch of the dungeon, and saw 3 of its levels.

You collected 133 gold pieces.

Inventory:

Hand Weapons
 a - a +0 war axe (weapon)
Armour
 b - a +0 scale mail (worn)
 c - a +0 shield (worn)
 k - a +0 pair of boots (worn)
 o - a +0 pair of gloves (worn)
Scrolls
 g - 2 scrolls of enchant weapon {unknown}
 h - 2 scrolls of fog {unknown}
 m - a scroll of teleportation {unknown}
 n - 2 scrolls of identify {unknown}
 p - a scroll of magic mapping {unknown}
 r - a scroll of remove curse {unknown}
 s - 2 scrolls of random uselessness {unknown}
Potions
 d - 2 potions of might
 i - a potion of magic {unknown}
 q - a potion of lignification {unknown}
 t - a potion of mutation {unknown}
 u - a potion of agility {unknown}
Comestibles
 f - 4 rations
 v - 9 chunks of flesh


   Skills:
 - Level 3.2 Fighting
 + Level 6.7 Axes
 - Level 3.2 Armour
 - Level 3.6 Shields


You had 5 spell levels left.
You didn't know any spells.
Your spell library was empty.

Dungeon Overview and Level Annotations

Branches:
Dungeon (3/15)

Altars:
Cheibriados


Innate Abilities, Weirdness & Mutations

You cannot be hasted, slowed, berserked, paralysed or teleported.
You can dig through walls and to a lower floor.
Your four strong arms can wield two-handed weapons with a shield.
You have a pair of large antennae on your head. (SInv)


Message History

You feel sick. The killer bee barely misses you. The killer bee stings you.
* * * LOW HITPOINT WARNING * * *
You are more poisoned.
The killer bee poisons you!
You are very lightly contaminated with residual magic.
It was a potion of brilliance.
You feel clever all of a sudden.
* * * LOW HITPOINT WARNING * * *
You feel sick. The killer bee completely misses you. The killer bee stings you.
* * * LOW HITPOINT WARNING * * *
You are more poisoned.
The killer bee poisons you!
It was a potion of degeneration.
There was something very wrong with that liquid.
You feel weakened.
You feel dopey.
You feel clumsy.
You feel less invigorated.
You feel less confused.
* * * LOW HITPOINT WARNING * * *
You feel sick. The killer bee stings you!
You die...

#. #.#####+## #........#
#........#
#.......y################## #
#......yyy@................
#..##.......y################..
#............##.......#######[.
#.####.>.....++.......'........
#.)...[.##)......#######..
#.#####...#....)).....##.......
#......<#.#...........##.......
#########.#...........##.......
#.#......##############


You could see 5 killer bees.

Vanquished Creatures
  Sigmund (D:3)
  8 gnolls
  4 adders (D:2)
  An ooze (D:3)
  A worm (D:2)
  2 dart slugs
  A leopard gecko (D:1)
  9 bats
  2 giant cockroaches
  8 goblins
  7 hobgoblins
  2 quokkas (D:2)
  2 frilled lizards (D:2)
  7 kobolds
  6 rats
61 creatures vanquished.

Notes
Turn   | Place    | Note
-------+----------+-------------------------------------------
     0 | D:1      | Delamore the Formicid Fighter began the quest for the Orb.
     0 | D:1      | Reached XP level 1. HP: 18/18 MP: 1/1
    84 | D:1      | Found a snail-covered altar of Cheibriados.
   119 | D:1      | Reached XP level 2. HP: 24/24 MP: 2/2
   285 | D:1      | Reached skill level 3 in Axes
   285 | D:1      | Reached XP level 3. HP: 28/29 MP: 3/3
   998 | D:2      | Reached skill level 4 in Axes
   998 | D:2      | Reached XP level 4. HP: 35/35 MP: 4/4
  1674 | D:2      | Reached XP level 5. HP: 41/41 MP: 5/5
  1723 | D:3      | Noticed Sigmund
  1803 | D:3      | Killed Sigmund
  1803 | D:3      | Reached skill level 6 in Axes
  1803 | D:3      | Reached XP level 6. HP: 41/47 MP: 6/6
  2243 | D:3      | HP: 2/47 [killer bee (5)]
  2244 | D:3      | Slain by a killer bee

Levels and vault maps discovered:
D:1:      minmay_arrival_wavy_path, layout_basic, cheibriados_altar_1
D:2:      layout_basic, kennysheep_generic_room_2
D:3:      layout_basic, uniq_sigmund, uniq_ijyb, uniq_grinder

Skill      XL: |  1  2  3  4  5 |
---------------+----------------+-----
Axes           | 3 4 6 |  6.7
Fighting       | |  3.2
Armour         | |  3.2
Shields        | |  3.6

Action                   |  1- 3 |  4- 6 || total
-------------------------+-------+-------++-------
Melee: War axe           |    81 |   116 ||   197
  Use: Potion            |       |     4 ||     4
  Eat: Chunk             |       |     4 ||     4
Armor: Scale mail        |    24 |    49 ||    73
Dodge: Dodged            |    24 |    53 ||    77
Block: Shield            |    49 |    67 ||   116
